 Dungeon Crawl Stone Soup version 0.25.0-3-gd7cc5688da (webtiles) character file.

Game seed: 972088153820754765

116 grindst0ne the Ruffian (level 5, -7/47 HPs)
             Began as a Ghoul Monk on June 15, 2020.
             Killed by divine providence
             ... invoked by an orc priest
              (10 damage)
             ... on level 2 of the Dungeon.
             The game lasted 00:02:06 (2100 turns).

grindst0ne the Ruffian (Ghoul Monk)                 Turns: 2100, Time: 00:02:06

Health: -7/47      AC:  6    Str: 16    XL:     5   Next: 0%
Magic:  13/13      EV: 11    Int:  5    God:
Gold:   80         SH:  0    Dex: 11    Spells: 4/4 levels left

rFire    . . .     SeeInvis .     - Unarmed
rCold    + . .     Gourm    .   (no shield)
rNeg     + + +     Faith    .   k - +0 ring mail
rPois    ∞         Spirit   .   (no helmet)
rElec    .         Reflect  .   (no cloak)
rCorr    .         Harm     .   (no gloves)
MR       .....                  h - +0 pair of boots (curse)
Stlth    +.........             (no amulet)
HPRegen  0.00/turn              f - ring of magical power
MPRegen  0.13/turn              (no ring)

@: flying, rotting
A: rotting body, claws 1, carnivore, cold resistance 1, negative energy
resistance 3, inhibited regeneration, torment resistance, unbreathing
a: no special abilities


You were on level 2 of the Dungeon.
You were not hungry.

You visited 1 branch of the dungeon, and saw 2 of its levels.

You collected 80 gold pieces.

Inventory:

Armour
 h - a cursed +0 pair of boots (worn)
 k - a +0 ring mail (worn)
 l - a +0 kite shield
Jewellery
 f - a ring of magical power (left claw)
Scrolls
 a - a scroll of amnesia {unknown}
 d - 2 scrolls of remove curse {unknown}
 e - a scroll of magic mapping {unknown}
 g - 2 scrolls of blinking {unknown}
Comestibles
 b - 6 rations
 c - 3 chunks of flesh


   Skills:
 + Level 4.3 Fighting
 + Level 2.1 Armour
 - Level 2.6 Dodging
 - Level 2.1 Stealth
 + Level 4.4 Unarmed Combat


You had 4 spell levels left.
You didn't know any spells.
Your spell library was empty.

Dungeon Overview and Level Annotations

Branches:
Dungeon (2/15)

Altars:


Innate Abilities, Weirdness & Mutations

Your body is rotting away.
You thrive on raw meat.
You are immune to poison.
You have sharp fingernails.
You are carnivorous and can eat meat at any time.
Your flesh is cold resistant. (rC+)
You are immune to negative energy. (rN+++)
You do not regenerate when monsters are visible.
You are immune to unholy pain and torment.
You can survive without breathing.


Message History

You closely miss something. Something hits you but does no damage.
The orc priest hits you from afar with a +0 trident.
* * * LOW HITPOINT WARNING * * *
You scratch something but do no damage. Something hits you but does no damage.
You barely miss something.
The orc priest calls down the wrath of Beogh upon you.
Beogh smites you!
* * * LOW HITPOINT WARNING * * *
Something completely misses you.
You scratch something.
The orc priest looks braver for a moment.
Something hits you but does no damage.
It was a potion of flight.
You feel very buoyant.
You fly up into the air.
The orc priest hits you but does no damage.
Something hits you but does no damage.
The orc priest calls down the wrath of Beogh upon you.
Beogh smites you!
You die...

#.# #.. #.#
# #.# #.#
#.#.# #.#
#(#†#######
#.#
#..oo.oo...
#.#
#.#†###....
#.# # #.# .
#.#######.#
#.....÷.@.#
###########


You could see an orc priest and an orc.

Vanquished Creatures
  3 gnolls (D:2)
  3 adders (D:2)
  An ooze (D:2)
  3 dart slugs
  A worm (D:2)
  A leopard gecko (D:2)
  2 giant cockroaches
  6 goblins
  7 hobgoblins
  2 jackals (D:1)
  A quokka (D:2)
  4 ball pythons (D:2)
  2 bats (D:1)
  2 frilled lizards (D:2)
  7 kobolds
  2 rats (D:1)
47 creatures vanquished.

Notes
Turn   | Place    | Note
-------+----------+-------------------------------------------
     0 | D:1      | grindst0ne the Ghoul Monk began the quest for the Orb.
     0 | D:1      | Reached XP level 1. HP: 19/19 MP: 0/0
   135 | D:1      | Reached XP level 2. HP: 8/26 MP: 1/1
   773 | D:1      | Reached skill level 1 in Armour
   906 | D:1      | Reached XP level 3. HP: 33/33 MP: 2/2
  1788 | D:2      | Reached XP level 4. HP: 37/40 MP: 3/3
  2087 | D:2      | Reached XP level 5. HP: 31/47 MP: 4/4
  2100 | D:2      | Killed from afar by an orc priest

Illustrated notes

Levels and vault maps discovered:
D:1:      sevenhm_arrival_forest_fort_small_3, layout_basic, minivault_11
D:2:      layout_basic, first_ration, minmay_shallow_snake_nest, uniq_terence

Skill      XL: |  1  2  3  4 |
---------------+-------------+-----
Armour         | 1 2 |  2.1
Fighting       | 4 |  4.3
Unarmed Combat | 4 |  4.4
Dodging        | |  2.6
Stealth        | |  2.1

Action                   |  1- 3 |  4- 6 || total
-------------------------+-------+-------++-------
Melee: Unarmed           |   114 |    42 ||   156
       Punch             |     1 |     3 ||     4
  Use: Potion            |       |     2 ||     2
 Stab: Sleeping          |     3 |       ||     3
  Eat: Chunk             |     4 |     1 ||     5
Armor: Robe              |    12 |       ||    12
       Ring mail         |    21 |    13 ||    34
Dodge: Dodged            |    70 |    22 ||    92
